General information
			
			
        
        - name: BNet
 
        - type: Ladder team game (AT/RT)
 
        - host: Battle.net
 
        - saver: TIMG4STRok
 
        
map: Friends 
        - players: 8
 
        - length: 17:16
 
        - speed: Fast
 - version: 1.22 W3XP
 - replay type:  

 
» download(222 KB)
Players
        team 1 (winner) 
              
              
298739283939208 (
pink | 103 APM | 1782 actions | 17:15)
              
 4 Priestess of the Moon 
 2 Trueshot Aura
 2 Searing Arrows
 
                » actions 
                
                | Assign group hotkey | 71 |  | 
| Basic commands | 4 |  | 
| Build / train | 41 |  | 
| ESC pressed | 1 |  | 
| Enter build submenu | 17 |  | 
| Enter hero's abilities submenu | 4 |  | 
| Right click | 710 |  | 
| Select / deselect | 257 |  | 
| Select group hotkey | 637 |  | 
| Use ability | 40 |  | 
                1782 total
 » units 
                
                | Wisp | 15 |  | 
| Huntress | 9 |  | 
| Hippogryph | 4 |  | 
                28 total
 » upgrades
                
                | Moon Armor | 1 |  | 
| Strength of the Moon | 1 |  | 
| Ultravision | 1 |  | 
| Strength of the Wild | 2 |  | 
                5 total
 » buildings
                
                | Altar of Elders | 1 |  | 
| Moon Well | 7 |  | 
| Hunter's Hall | 2 |  | 
| Ancient of War | 2 |  | 
| Tree of Life | 1 |  | 
| Tree of Ages | 1 |  | 
| Ancient of Wind | 3 |  | 
                17 total
 » build order
                00:10 Altar of Elders
00:21 Moon Well
01:56 Hunter's Hall
01:58 Ancient of War
02:01 Hunter's Hall
02:08 Ancient of War
02:25 Moon Well
02:47 Moon Well
03:18 Moon Well
06:50 Moon Well
08:51 Tree of Life
12:14 Tree of Ages
13:55 Moon Well
13:57 Moon Well
15:04 Ancient of Wind
15:24 Ancient of Wind
15:28 Ancient of Wind
» items
                
                | Rod of Necromancy | 1 |  | 
| Dust of Appearance | 1 |  | 
                2 total
  
               
              
              
» 
kunt.roII (
red | 151 APM | 2615 actions | 17:15)
              
 3 Mountain King 
 2 Storm Bolt
 1 Bash
 3 Blood Mage 
 1 Banish
 2 Siphon Mana
 
                » actions 
                
                | Assign group hotkey | 54 |  | 
| Basic commands | 59 |  | 
| Build / train | 51 |  | 
| ESC pressed | 2 |  | 
| Enter build submenu | 23 |  | 
| Enter hero's abilities submenu | 6 |  | 
| Right click | 996 |  | 
| Select / deselect | 171 |  | 
| Select group hotkey | 1197 |  | 
| Use ability | 56 |  | 
                2615 total
 » units 
                
                | Peasant | 10 |  | 
| Rifleman | 5 |  | 
| Gryphon Rider | 7 |  | 
| Dragonhawk Rider | 4 |  | 
                26 total
 » upgrades
                
                | Animal War Training | 1 |  | 
| Storm Hammers | 1 |  | 
| Swords | 1 |  | 
| Cloud | 1 |  | 
                4 total
 » buildings
                
                | Altar of Kings | 1 |  | 
| Farm | 11 |  | 
| Blacksmith | 1 |  | 
| Barracks | 1 |  | 
| Scout Tower | 1 |  | 
| Arcane Tower | 1 |  | 
| Lumber Mill | 1 |  | 
| Keep | 1 |  | 
| Arcane Vault | 1 |  | 
| Castle | 1 |  | 
| Gryphon Aviary | 2 |  | 
                22 total
 » build order
                00:09 Altar of Kings
00:20 Farm
00:53 Farm
01:37 Blacksmith
01:41 Barracks
01:51 Scout Tower
01:58 Farm
02:10 Farm
02:32 Arcane Tower
02:37 Lumber Mill
02:42 Farm
03:43 Keep
03:59 Arcane Vault
04:11 Farm
05:40 Farm
06:21 Castle
06:45 Gryphon Aviary
07:35 Gryphon Aviary
08:13 Farm
10:50 Farm
10:50 Farm
15:01 Farm
» items
                
                | Lesser Clarity Potion | 2 |  | 
| Scroll of Town Portal | 5 |  | 
| Alleria's Flute of Accuracy | 1 |  | 
                8 total
  
               
              
              
» 
TALONSAREIMBA (
yellow | 123 APM | 2126 actions | 17:15)
              
 4 Death Knight 
 2 Death Coil
 2 Unholy Aura
 4 Lich 
 2 Frost Nova
 2 Dark Ritual
 2 Crypt Lord 
 1 Impale
 1 Spiked Carapace
 
                » actions 
                
                | Assign group hotkey | 23 |  | 
| Basic commands | 202 |  | 
| Build / train | 49 |  | 
| Enter build submenu | 14 |  | 
| Enter hero's abilities submenu | 11 |  | 
| Remove unit from queue | 1 |  | 
| Right click | 1039 |  | 
| Select / deselect | 291 |  | 
| Select group hotkey | 421 |  | 
| Use ability | 75 |  | 
                2126 total
 » units 
                
                | Acolyte | 2 |  | 
| Ghoul | 2 |  | 
| Crypt Fiend | 6 |  | 
| Frost Wyrm | 7 |  | 
                17 total
 » upgrades
                
                | Burrow | 1 |  | 
| Web | 1 |  | 
| Creature Attack | 2 |  | 
| Creature Carapace | 2 |  | 
                6 total
 » buildings
                
                | Crypt | 1 |  | 
| Graveyard | 1 |  | 
| Altar of Darkness | 1 |  | 
| Ziggurat | 6 |  | 
| Tomb of Relics | 1 |  | 
| Nerubian Tower | 1 |  | 
| Halls of the Dead | 2 |  | 
| Black Citadel | 2 |  | 
| Sacrificial Pit | 1 |  | 
| Boneyard | 1 |  | 
| Spirit Tower | 1 |  | 
                18 total
 » build order
                00:05 Crypt
00:17 Graveyard
00:36 Altar of Darkness
00:46 Ziggurat
01:11 Tomb of Relics
01:48 Ziggurat
02:30 Nerubian Tower
04:23 Halls of the Dead
04:24 Halls of the Dead
04:34 Ziggurat
06:36 Ziggurat
07:00 Black Citadel
07:49 Sacrificial Pit
09:31 Boneyard
10:59 Ziggurat
11:17 Ziggurat
11:27 Spirit Tower
» items
                
                | Rod of Necromancy | 1 |  | 
| Dust of Appearance | 2 |  | 
| Scroll of Town Portal | 1 |  | 
| Potion of Mana | 1 |  | 
| Orb of Corruption | 1 |  | 
                6 total
  
               
              
              
» 
TIMG4STRok (
green | 161 APM | 2788 actions | 17:16)
              
 5 Keeper of the Grove 
 3 Entangling Roots
 2 Thorns Aura
 
                » actions 
                
                | Assign group hotkey | 27 |  | 
| Basic commands | 133 |  | 
| Build / train | 55 |  | 
| ESC pressed | 1 |  | 
| Enter build submenu | 13 |  | 
| Enter hero's abilities submenu | 6 |  | 
| Right click | 1183 |  | 
| Select / deselect | 227 |  | 
| Select group hotkey | 1095 |  | 
| Use ability | 47 |  | 
                2788 total
 » units 
                
                | Wisp | 9 |  | 
| Huntress | 8 |  | 
| Druid of the Talon | 5 |  | 
| Archer | 7 |  | 
                29 total
 » upgrades
                
                | Druid of the Talon Training | 2 |  | 
| Ultravision | 1 |  | 
| Improved Bows | 1 |  | 
| Strength of the Moon | 1 |  | 
| Marksmanship | 1 |  | 
| Well Spring | 1 |  | 
| Strength of the Wild | 1 |  | 
                8 total
 » buildings
                
                | Altar of Elders | 1 |  | 
| Moon Well | 6 |  | 
| Hunter's Hall | 1 |  | 
| Ancient of War | 2 |  | 
| Tree of Ages | 1 |  | 
| Ancient of Wind | 1 |  | 
| Ancient of Wonders | 1 |  | 
| Tree of Eternity | 1 |  | 
| Chimaera Roost | 1 |  | 
                15 total
 » build order
                00:03 Altar of Elders
00:17 Moon Well
01:21 Hunter's Hall
01:48 Ancient of War
02:02 Ancient of War
02:16 Moon Well
03:16 Moon Well
04:00 Moon Well
05:11 Tree of Ages
05:22 Moon Well
07:43 Ancient of Wind
07:53 Ancient of Wonders
10:46 Tree of Eternity
10:48 Moon Well
13:58 Chimaera Roost
» items
                
                | Scroll of Regeneration | 3 |  | 
| Scroll of Town Portal | 2 |  | 
| Lesser Clarity Potion | 1 |  | 
| Potion of Healing | 1 |  | 
| Healing Wards | 1 |  | 
                8 total
  
               team 2 (loser) 
              
              
66Dragon6 (
orange | 109 APM | 1875 actions | 17:12)
              
 3 Death Knight 
 2 Death Coil
 1 Unholy Aura
 3 Lich 
 2 Frost Nova
 1 Dark Ritual
 3 Crypt Lord 
 2 Impale
 1 Spiked Carapace
 
                » actions 
                
                | Assign group hotkey | 34 |  | 
| Basic commands | 1 |  | 
| Build / train | 44 |  | 
| Enter build submenu | 12 |  | 
| Enter hero's abilities submenu | 9 |  | 
| Right click | 1013 |  | 
| Select / deselect | 254 |  | 
| Select group hotkey | 436 |  | 
| Use ability | 72 |  | 
                1875 total
 » units 
                
                | Acolyte | 2 |  | 
| Ghoul | 2 |  | 
| Crypt Fiend | 9 |  | 
| Goblin Zeppelin | 2 |  | 
| Frost Wyrm | 3 |  | 
| Goblin Shredder | 1 |  | 
                19 total
 » upgrades
                » buildings
                
                | Graveyard | 1 |  | 
| Ziggurat | 5 |  | 
| Crypt | 1 |  | 
| Altar of Darkness | 1 |  | 
| Tomb of Relics | 1 |  | 
| Nerubian Tower | 1 |  | 
| Halls of the Dead | 1 |  | 
| Spirit Tower | 1 |  | 
| Black Citadel | 1 |  | 
| Sacrificial Pit | 1 |  | 
| Boneyard | 2 |  | 
                16 total
 » build order
                00:06 Graveyard
00:10 Ziggurat
00:36 Crypt
00:57 Altar of Darkness
01:13 Tomb of Relics
01:27 Ziggurat
01:54 Nerubian Tower
03:53 Halls of the Dead
04:27 Ziggurat
06:36 Spirit Tower
07:02 Black Citadel
07:26 Sacrificial Pit
10:27 Boneyard
10:28 Boneyard
11:01 Ziggurat
14:08 Ziggurat
» items
                
                | Rod of Necromancy | 1 |  | 
| Scroll of Town Portal | 2 |  | 
| Healing Salve | 1 |  | 
| Orb of Corruption | 1 |  | 
                5 total
  
               
              
              
FML-KiLLiN (
purple | 144 APM | 2457 actions | 17:06)
              
 3 Blademaster 
 2 Wind Walk
 1 Critical Strike
 4 Shadow Hunter 
 2 Hex
 2 Healing Wave
 
                » actions 
                
                | Assign group hotkey | 21 |  | 
| Basic commands | 16 |  | 
| Build / train | 59 |  | 
| ESC pressed | 1 |  | 
| Enter build submenu | 15 |  | 
| Enter hero's abilities submenu | 7 |  | 
| Right click | 1316 |  | 
| Select / deselect | 176 |  | 
| Select group hotkey | 779 |  | 
| Use ability | 67 |  | 
                2457 total
 » units 
                » upgrades
                
                | Ranged Weapons | 2 |  | 
| Armor | 1 |  | 
| Envenomed Spears | 1 |  | 
                4 total
 » buildings
                
                | Altar of Storms | 1 |  | 
| Orc Burrow | 7 |  | 
| Barracks | 1 |  | 
| Voodoo Lounge | 1 |  | 
| Stronghold | 3 |  | 
| Beastiary | 2 |  | 
| War Mill | 1 |  | 
| Fortress | 2 |  | 
                18 total
 » build order
                00:04 Altar of Storms
00:20 Orc Burrow
00:36 Barracks
01:34 Orc Burrow
01:51 Voodoo Lounge
03:00 Stronghold
03:00 Stronghold
04:32 Orc Burrow
05:02 Orc Burrow
05:36 Beastiary
05:37 Beastiary
06:44 War Mill
07:43 Orc Burrow
12:21 Orc Burrow
13:10 Orc Burrow
13:44 Fortress
13:44 Fortress
» items
                
                | Healing Salve | 2 |  | 
| Scroll of Town Portal | 1 |  | 
| Lesser Clarity Potion | 1 |  | 
| Scroll of Speed | 1 |  | 
                5 total
  
               
              
              
» 
REDSEWFDS (
teal | 137 APM | 2332 actions | 17:03)
              
 3 Demon Hunter 
 2 Mana Burn
 1 Evasion
 2 Pandaren Brewmaster 
 1 Breath of Fire
 1 Drunken Haze
 
                » actions 
                
                | Assign group hotkey | 198 |  | 
| Basic commands | 37 |  | 
| Build / train | 57 |  | 
| ESC pressed | 3 |  | 
| Enter build submenu | 14 |  | 
| Enter hero's abilities submenu | 5 |  | 
| Give item / drop item | 2 |  | 
| Right click | 1483 |  | 
| Select / deselect | 220 |  | 
| Select group hotkey | 263 |  | 
| Use ability | 50 |  | 
                2332 total
 » units 
                » upgrades
                
                | Strength of the Wild | 2 |  | 
| Reinforced Hides | 3 |  | 
| Abolish Magic | 1 |  | 
                6 total
 » buildings
                
                | Altar of Elders | 1 |  | 
| Moon Well | 6 |  | 
| Hunter's Hall | 1 |  | 
| Ancient of War | 2 |  | 
| Tree of Ages | 5 |  | 
| Ancient of Lore | 2 |  | 
| Tree of Eternity | 3 |  | 
| Ancient of Wonders | 1 |  | 
                21 total
 » build order
                00:11 Altar of Elders
00:27 Moon Well
01:23 Hunter's Hall
01:51 Ancient of War
02:12 Ancient of War
02:37 Moon Well
03:23 Moon Well
04:38 Tree of Ages
04:38 Tree of Ages
04:39 Tree of Ages
05:46 Moon Well
06:17 Moon Well
07:51 Ancient of Lore
07:52 Ancient of Lore
09:43 Moon Well
12:24 Tree of Eternity
12:24 Tree of Eternity
13:03 Ancient of Wonders
» items
                
                | Scroll of Town Portal | 2 |  | 
| Scroll of Regeneration | 1 |  | 
                3 total
  
               
              
              
WsA]DooF (
blue | 108 APM | 1862 actions | 17:15)
              
 4 Mountain King 
 2 Storm Bolt
 2 Bash
 2 Paladin 
 1 Holy Light
 1 Divine Shield
 
                » actions 
                
                | Assign group hotkey | 26 |  | 
| Basic commands | 15 |  | 
| Build / train | 50 |  | 
| Enter build submenu | 23 |  | 
| Enter hero's abilities submenu | 6 |  | 
| Right click | 752 |  | 
| Select / deselect | 228 |  | 
| Select group hotkey | 671 |  | 
| Use ability | 91 |  | 
                1862 total
 » units 
                
                | Peasant | 8 |  | 
| Rifleman | 7 |  | 
| Mortar Team | 2 |  | 
| Dragonhawk Rider | 5 |  | 
| Gryphon Rider | 1 |  | 
                23 total
 » upgrades
                
                | Long Rifles | 1 |  | 
| Animal War Training | 1 |  | 
| Cloud | 1 |  | 
                3 total
 » buildings
                
                | Altar of Kings | 1 |  | 
| Farm | 10 |  | 
| Blacksmith | 1 |  | 
| Barracks | 1 |  | 
| Scout Tower | 1 |  | 
| Arcane Tower | 1 |  | 
| Arcane Vault | 2 |  | 
| Lumber Mill | 2 |  | 
| Keep | 1 |  | 
| Workshop | 1 |  | 
| Gryphon Aviary | 4 |  | 
| Castle | 2 |  | 
                27 total
 » build order
                00:10 Altar of Kings
00:21 Farm
01:09 Blacksmith
01:15 Barracks
01:37 Farm
01:57 Scout Tower
02:26 Farm
02:28 Arcane Tower
03:14 Arcane Vault
03:26 Arcane Vault
03:33 Lumber Mill
04:41 Keep
05:27 Lumber Mill
05:29 Farm
06:19 Farm
07:53 Workshop
10:36 Gryphon Aviary
10:36 Gryphon Aviary
10:41 Gryphon Aviary
10:41 Gryphon Aviary
11:11 Farm
12:08 Castle
12:08 Castle
12:26 Farm
13:27 Farm
16:01 Farm
16:01 Farm
» items
                
                | Scroll of Regeneration | 3 |  | 
| Lesser Clarity Potion | 3 |  | 
| Scroll of Town Portal | 2 |  | 
                8 total
  
                Chat log
          (00:07 / All) REDSEWFDS: hi niggers
(00:09 / All) FML-KiLLiN: TALONS WESDERS ANGRY
(00:11 / All) kunt.roII: manner up please
(00:14 / All) REDSEWFDS: no im not
(00:15 / All) 298739283939208: ironic
(00:17 / All) 298739283939208: lol
(00:19 / All) 66Dragon6: gl hf
(00:20 / All) REDSEWFDS: suprised
(00:22 / All) REDSEWFDS: to say the least
(00:23 / All) TALONSAREIMBA: Who cares?
(00:25 / All) TALONSAREIMBA: Have fun
(00:28 / All) kunt.roII: guys gl hf
(00:28 / All) 66Dragon6: You will
(00:29 / All) TIMG4STRok: i can tell you one thing he is (bad)
(00:30 / All) FML-KiLLiN: YOUR MOM TALONS YOUR MOM!!
(00:31 / All) FML-KiLLiN: GL HF
(00:38 / All) 298739283939208: didnt set my mouse sensitivity lol
(00:42 / All) REDSEWFDS: tim how many times you lose your hoers lol
(00:43 / All) TALONSAREIMBA: pink is corr tejus
(00:44 / All) 66Dragon6: Hello Corr
(00:47 / All) 66Dragon6: how are you doing?
(00:47 / All) FML-KiLLiN: LOL
(00:47 / All) REDSEWFDS: sup clown
(00:52 / All) FML-KiLLiN: SUO CLOWN
(00:53 / All) 298739283939208: HI 
(00:56 / All) FML-KiLLiN: INVENTOR OF THE BEST
(00:57 / All) FML-KiLLiN: STRATEGY
(00:58 / All) FML-KiLLiN: EVARR
(01:00 / All) 298739283939208: GOT CLOWNTRESS RACES BTW
(01:06 / All) 66Dragon6: OMG
(01:07 / All) FML-KiLLiN: DID WE NOW
(01:23 / All) 298739283939208: talons is our undead
(01:27 / All) 298739283939208: so basically fw for you
(01:27 / All) FML-KiLLiN: LOL SHIT
(01:39 / All) 66Dragon6: I miss jay too corr
(01:44 / All) 66Dragon6: I miss jay too
(02:47 / All) 66Dragon6: talons and corr
(02:48 / All) TIMG4STRok: can you handle dh sdfwesder
(02:49 / All) REDSEWFDS: where you goin boy
(02:54 / All) 66Dragon6: in the same spot
(02:56 / All) 66Dragon6: how cute
(03:07 / All) FML-KiLLiN: OUCH
(06:30 / All) TALONSAREIMBA: lol
(07:03 / All) REDSEWFDS: no tp?
(07:19 / All) REDSEWFDS: you either?
(07:20 / All) REDSEWFDS: cute
(07:23 / All) kunt.roII: tp waste of gold
(07:29 / All) kunt.roII: we can rev 2 heroes for the cost of 1 tp
(07:32 / All) TIMG4STRok: ahahahahah this kid, with his 60 apm, thinks hes good
(07:42 / All) REDSEWFDS: sorry i odnt try vs trash
(07:54 / All) REDSEWFDS: ahahaha
(07:57 / All) REDSEWFDS: these kids
(08:00 / All) REDSEWFDS: and their heroless armys
(08:04 / All) kunt.roII: :)
(09:28 / Allies) kunt.roII: 100g for tp..
(12:28 / Allies) kunt.roII: lmao.
(12:34 / Allies) TIMG4STRok: mortars
(13:37 / Allies) kunt.roII: they did that i think
(14:10 / All) 298739283939208: WE TEAM CREEP LOL
(17:07 / All) TALONSAREIMBA: gg tejus